Map: Blueshift LE

Players

Aoret - Winner!

  • Race: Protoss Protoss
  • League: Diamond
  • Spawn Location: 7:00

BadHairDay

  • Race: Zerg Zerg
  • League: Diamond
  • Spawn Location: 1:00

VOD

Have the link to the VOD?

Description

Time

  • Played on: Sept. 22, 2018, 8:42 p.m.
  • Length: 8:50
Show
View Real Time Build Order
Export as new Build Order

Aoret Protoss - Winner!

Build Orders: 1 Gate Expand 

Get SALT Encoding   

  12  0:00  Probe  
  13  0:13  Probe  
  14  0:19  Pylon  
  14  0:25  Probe  
  15  0:35  Probe  
  15  0:40  Gateway  
  16  0:43  Probe  
  16  0:49  Assimilator  
  17  0:52  Probe  
  18  1:04  Probe  
  19  1:16  Probe  
  20  1:26  Nexus  
  20  1:33  Cybernetics Core  
  20  1:36  Probe  
  21  1:42  Assimilator  
  21  1:48  Probe  
  21  1:51  Pylon  
  22  2:00  Probe  
  23  2:10  Twilight Council  
  23  2:11  Warp Gate  
  23  2:12  Adept, Probe  
  26  2:24  Probe  
  27  2:31  Adept  
  27  2:36  Resonating Glaives, Probe  
  28  2:41  Probe  
  31  2:48  Probe  
  32  2:54  Probe  
  33  2:58  Adept  
  33  3:00  Probe  
  36  3:06  Probe  
  36  3:08  Gateway  
  37  3:13  Probe  
  37  3:18  Gateway, Probe  
  39  3:25  Adept, Probe  
  42  3:30  Probe  
  42  3:34  Probe  
  42  3:37  Pylon  
  42  3:38  Probe  
  43  3:42  Probe  
  43  3:46  Probe  
  45  3:52  Probe  
  47  3:56  Robotics Facility  
  47  4:01  Probe  
  48  4:05  Probe, Pylon  
  49  4:13  Probe  
  49  4:14  Adept x2  
  54  4:23  Probe  
  55  4:29  Adept  
  57  4:41  Pylon  
  57  4:42  Adept  
  57  4:43  Adept  
  61  4:52  Probe  
  62  5:02  Pylon  
  62  5:05  Pylon  
  62  5:11  Immortal  
  62  5:16  Probe  
  59  5:25  Sentry x2  
  59  5:26  Sentry  
  61  5:33  Gateway  
  61  5:35  Gateway  
  59  5:38  Gateway  
  59  5:40  Gateway  
  59  5:41  Pylon  
  59  5:42  Gateway, Immortal  
  59  5:44  Assimilator  
  59  5:45  Pylon  
  59  5:47  Pylon  
  59  5:48  Gateway  
  59  5:50  Gateway x2  
  59  5:51  Assimilator, Probe x2  
  65  5:58  Sentry x2  
  65  5:59  Adept  
  71  6:14  Warp Prism  
  73  6:26  Gateway x2  
  73  6:28  Sentry x2  
  73  6:29  Adept  
  79  6:43  Adept x2  
  79  6:44  Adept x4  
  91  6:51  Pylon  
  91  6:53  Pylon  
  91  6:55  Pylon  
  91  6:57  Pylon  
  91  6:59  Pylon  
  91  7:01  Adept x3  
  93  7:02  Adept  
  99  7:33  Adept x2  
  99  7:34  Adept x8  
  119  7:55  Adept x5  
  119  7:56  Adept x2  
  123  8:14  Adept x3  
  123  8:15  Adept  
  131  8:23  Adept  
  131  8:24  Adept x4  
  127  8:34  Adept x3  
Show
View Real Time Build Order
Export as new Build Order

BadHairDay Zerg 

Build Orders: Hatch First 

Get SALT Encoding   

  12  0:08  Overlord  
  12  0:13  Drone  
  13  0:21  Drone  
  14  0:27  Drone  
  15  0:30  Drone  
  16  0:52  Hatchery  
  16  0:54  Drone  
  16  1:11  Spawning Pool  
  15  1:12  Extractor  
  15  1:13  Drone  
  15  1:14  Drone  
  16  1:19  Drone  
  16  1:24  Drone  
  18  1:40  Drone  
  19  1:51  Drone  
  20  1:57  Queen  
  20  1:58  Overlord  
  22  2:03  Queen  
  22  2:04  Drone  
  22  2:06  Drone  
  26  2:12  Metabolic Boost  
  27  2:15  Drone  
  27  2:17  Drone  
  28  2:26  Drone  
  29  2:33  Drone  
  30  2:38  Drone  
  31  2:45  Hatchery  
  30  2:51  Drone  
  30  2:53  Zergling x4  
  30  2:56  Extractor  
  32  2:59  Drone  
  32  3:05  Overlord  
  33  3:13  Drone x3  
  36  3:20  Overlord  
  36  3:24  Drone x4  
  40  3:27  Lair  
  40  3:31  Evolution Chamber  
  40  3:34  Evolution Chamber  
  38  3:40  Queen  
  40  3:42  Drone  
  40  3:45  Drone  
  42  3:50  Drone x2  
  42  3:52  Drone  
  42  3:53  Drone  
  42  3:55  Drone  
  47  3:57  Extractor  
  47  3:58  Extractor  
  47  4:02  Overlord  
  45  4:04  Zerg Missile Weapons Level 1  
  45  4:21  Zerg Ground Armor Level 1  
  45  4:23  Spore Crawler  
  44  4:25  Spore Crawler  
  44  4:26  Drone x3  
  44  4:27  Drone x2  
  47  4:36  Zergling x4  
  47  4:37  Zergling x4  
  50  4:43  Spine Crawler  
  50  4:48  Spine Crawler x2  
  49  4:53  Zergling x6  
  49  4:56  Zergling x2  
  49  4:57  Zergling x2  
  49  4:59  Zergling x2  
  54  5:04  Zergling x4  
  54  5:05  Zergling x2  
  57  5:10  Zergling x4  
  48  5:17  Zergling x4  
  48  5:20  Zergling x2  
  42  5:30  Drone x4  
  46  5:47  Drone  
  46  5:48  Drone x5  
  46  5:49  Drone  
  52  6:05  Roach Warren  
  52  6:06  Drone x2  
  52  6:07  Drone x2  
  55  6:13  Queen  
  55  6:14  Drone  
  55  6:16  Drone  
  59  6:26  Overlord  
  59  6:38  Drone x3  
  62  6:49  Glial Reconstitution  
  62  6:52  Burrow  
  62  7:04  Drone x2  
  58  7:10  Roach x4  
  58  7:12  Roach  
  58  7:15  Overlord  
  68  7:20  Hatchery  
  67  7:28  Overlord x2  
  67  7:36  Roach x3  
  73  7:42  Overlord x3  
  73  7:49  Roach x3  
  79  7:53  Roach x2  
  79  7:54  Roach x3  
  79  7:56  Roach x3  
  88  7:59  Roach  
  88  8:00  Zergling x4  
  88  8:05  Roach  
  91  8:11  Roach x2  
  95  8:15  Roach  
  89  8:21  Roach x3  
  58  8:27  Roach  
  58  8:30  Zergling x2  
Tags
 
Add a new tag
Caveats
  • Supply blocks, unpowered buildings, or Contaminate may cause inaccurate times.
  • Supply counts are checked every 10 seconds.